 Dungeon Crawl Stone Soup version 0.29-a0-1016-g236c7fd91e (webtiles) character file.

Game seed: 18025221298169037106

497 MudFish the Slasher (level 7, -18/52 HPs)
             Began as a Human Fighter on Aug 10, 2022.
             Demolished by an ogre
             ... wielding a +0 giant club
              (21 damage)
             ... on level 4 of the Dungeon.
             The game lasted 00:08:52 (5254 turns).

MudFish the Slasher (Human Fighter)                 Turns: 5254, Time: 00:08:52

Health: -18/52     AC:  9    Str: 16    XL:     7   Next: 39%
Magic:  20/20      EV: 25    Int:  9    God:
Gold:   191        SH:  0    Dex: 14    Spells: 9/11 levels left

rFire   + . .      SeeInvis .   j - +3 short sword (speed)
rCold   + . .      Faith    .   (no shield)
rNeg    . . .      Spirit   .   b - +1 scale mail
rPois   +          Reflect  .   (no helmet)
rElec   +          Harm     .   (no cloak)
rCorr   +          Rampage  .   (no gloves)
Will    .....                   D - +1 pair of boots
Stlth   ..........              i - amulet of the acrobat
HPRegen 0.17/turn               e - ring of magical power
MPRegen 0.17/turn               (no ring)

@: resistant, acrobatic
A: no striking features
a: no special abilities


You were on level 4 of the Dungeon.
You visited 1 branch of the dungeon, and saw 5 of its levels.

You collected 191 gold pieces.

Inventory:

Hand Weapons
 a - a +0 long sword
 c - a +2 whip of freezing
 j - a +3 short sword of speed (weapon)
 l - a +2 sling of flaming
 m - a +1 dagger of electrocution
 E - a +0 morningstar
Missiles
 k - 4 boomerangs (quivered)
 x - a throwing net
Armour
 b - a +1 scale mail (worn)
 f - a +0 chain mail
 D - a +1 pair of boots (worn)
Magical Staves
 p - a staff of poison
Jewellery
 d - a +4 ring of protection
 e - a ring of magical power (left hand)
 g - an amulet of magic regeneration
 i - an amulet of the acrobat (around neck)
 y - a ring of wizardry
 B - a ring of see invisible
Wands
 q - a wand of flame (11)
Scrolls
 s - 2 scrolls of poison
Potions
 n - a potion of curing
 r - 2 potions of flight
 z - a potion of haste


   Skills:
 - Level 3.0 Fighting
 + Level 4.8 Long Blades
 - Level 3.0 Armour
 - Level 2.0 Dodging
 - Level 3.0 Shields
 * Level 2.6 Spellcasting
 * Level 3.8 Translocations


You had 9 spell levels left.
You knew the following spells:

 Your Spells              Type           Power      Damage    Failure   Level
a - Blink                 Tloc           16%        N/A       34%         2

Your spell library contained the following spells:

 Spells                   Type           Power      Damage    Failure   Level
 Lesser Beckoning         Tloc           8%         N/A       56%         3
 Foxfire                  Conj/Fire      4%         2x1d4     73%         1
 Passage of Golubria      Tloc           8%         N/A       92%         4
 Conjure Flame            Conj/Fire      1%         6-21      97%         3
 Inner Flame              Hex/Fire       1%         N/A       97%         3
 Ozocubu's Armour         Ice            1%         N/A       97%         3
 Tukima's Dance           Hex            1%         N/A       97%         3
 Manifold Assault         Tloc           8%         N/A       99%         5
 Flame Wave               Conj/Fire      1%         2d4       100%        4
 Yara's Violent Unravell  Hex/Tmut       0%         3d3       100%        5
 Ozocubu's Refrigeration  Ice            0%         4d7       100%        7


Dungeon Overview and Level Annotations

Branches:
Dungeon (5/15)
 Temple: D:4-7

Altars:

Shops:
D:2 !   D:3 [

Annotations:
D:4 Pikel


Message History

The shadow imp gestures at the lemure.
The lemure is unaffected.
You flicker for a moment.
The lemure misses you.
You flicker back into view.
The lemure closely misses you. The lemure attacks as you move away!
The lemure closely misses you. The lemure attacks as you move away!
The lemure closely misses you. The lemure attacks as you move away!
The lemure hits you.
* * * LOW HITPOINT WARNING * * *
The lemure attacks as you move away! The lemure completely misses you.
Pikel misses you. The lemure attacks as you move away!
The lemure hits you but does no damage. Pikel attacks as you move away!
Pikel misses you.
You are too injured to fight recklessly!
Pikel completely misses you. The shadow imp closely misses you.
The shadow imp completely misses you. The lemure misses you.
The shadow imp attacks as you move away!
The shadow imp closely misses you. Pikel attacks as you move away!
Pikel barely misses you. The lemure completely misses you. x2
Pikel attacks as you move away! Pikel completely misses you.
The ogre attacks as you move away! The ogre closely misses you.
The lemure hits you but does no damage. The lemure attacks as you move away!
The lemure barely misses you. The lemure attacks as you move away!
The lemure misses you.
Pikel hits you with a +2 whip of freezing!
* * * LOW HITPOINT WARNING * * *
The lemure completely misses you. Pikel attacks as you move away!
Pikel misses you. Pikel attacks as you move away! Pikel barely misses you.
The shadow imp sputters.
The lemure attacks as you move away! The lemure closely misses you.
There is an open door here.
The lemure attacks as you move away! The lemure closely misses you.
Pikel attacks as you move away! Pikel hits you but does no damage.
Pikel attacks as you move away! Pikel closely misses you.
Pikel closely misses you.
Pikel says, "I just want to get paid!"
The ogre hits you with a +0 giant club!!
You die...

#.# #######.# ........# #######.#
## #.######### ############## .#
#.#.......####...##........ .#
#.#.#####..5.55............ .#
#.#.#...#.K###...##........
.######.#.#.#.#.@O55.............
.....)..#.#.#.#...##...#.........
.....#..#.#.#.#..................
.....)..#.#.#.#........##........
..<..).[................'.>......
.#......#...........#.###........
.#.#.##.#.#......................
.#.#.##.#.....#..................
.#.#.##.#.....#............####.#


You could see Pikel, an ogre, 2 lemures and a shadow imp.

Vanquished Creatures
  A water moccasin (D:4)
  2 scorpions (D:4)
  2 iguanas (D:4)
  7 gnolls
  7 adders
  3 dart slugs
  8 orcs (D:4)
  8 endoplasms
  2 giant cockroaches
  7 goblins
  8 hobgoblins
  9 jackals
  3 quokkas
  6 ball pythons
  7 bats
  3 frilled lizards
  8 kobolds
  5 rats
96 creatures vanquished.

Notes
Turn   | Place    | Note
-------+----------+-------------------------------------------
     0 | D:1      | MudFish the Human Fighter began the quest for the Orb.
     0 | D:1      | Reached XP level 1. HP: 18/18 MP: 1/1
   223 | D:1      | Reached XP level 2. HP: 22/24 MP: 2/2
   227 | D:1      | Reached skill level 1 in Dodging
  1028 | D:1      | Found a faded altar of an unknown god.
  1207 | D:2      | Reached XP level 3. HP: 28/29 MP: 3/3
  1226 | D:2      | Found Kesej's Distillery.
  1287 | D:2      | Reached skill level 3 in Long Blades
  1526 | D:2      | Reached XP level 4. HP: 31/35 MP: 4/4
  1598 | D:2      | Learned a level 2 spell: Blink
  2250 | D:3      | Found Zuxzaor's Antique Armour Shoppe.
  2394 | D:3      | Reached skill level 1 in Translocations
  2400 | D:3      | Reached XP level 5. HP: 24/41 MP: 5/5
  2405 | D:3      | Reached skill level 4 in Long Blades
  3289 | D:4      | Reached XP level 6. HP: 16/47 MP: 6/6
  3906 | D:4      | Noticed a water moccasin
  3915 | D:4      | Killed a water moccasin
  3916 | D:4      | Reached skill level 1 in Spellcasting
  4244 | D:4      | Reached XP level 7. HP: 38/52 MP: 10/10
  4647 | D:4      | HP: 3/78 [gnoll/+0 spear (5)]
  5203 | D:5      | Entered Level 5 of the Dungeon
  5203 | D:5      | Noticed Pikel
  5243 | D:4      | HP: 1/52 [Pikel/+2 whip of freezing (8)]
  5254 | D:4      | Demolished by an ogre

Illustrated notes

Levels and vault maps discovered:
D:1:      nicolae_arrival_washed_ashore, layout_loops_ring,
          shapermc_ecumenical_altar_hornbeckon, minmay_distorted
D:2:      cheibrodos_helix_gallery, layout_basic, serial_shops,
          nicolae_shop_statue_plus, kennysheep_minor_cross
D:3:      layout_loops_ring, serial_shops, nicolae_shop_waterfront,
          roderic_batcave, nicolae_titane
D:4:      layout_basic, minivault_19
D:5:      corexii_shack_village, layout_basic, lemuel_crystal_altar,
          mainiacjoe_overflow_boulevard, minmay_temple_entry_large_hall,
          grunt_ministairs_7, doesnt_shop_hydraphobe, uniq_sigmund, uniq_pikel,
          uniq_menkaure

Skill      XL: |  1  2  3  4  5  6 |
---------------+-------------------+-----
Dodging        | 1 2 |  2.0
Long Blades    | 3 4 |  4.8
Translocations | 1 2 3 |  3.8
Spellcasting   | 2 |  2.6
Fighting       | |  3.0
Armour         | |  3.0
Shields        | |  3.0

Action                   |  1- 3 |  4- 6 |  7- 9 || total
-------------------------+-------+-------+-------++-------
Melee: Long sword        |    47 |       |       ||    47
       Short sword       |    58 |   229 |    71 ||   358
       Punch             |       |     1 |       ||     1
Throw: Boomerang         |       |       |     1 ||     1
  Use: Potion            |       |     2 |     5 ||     7
       Scroll            |       |       |    11 ||    11
Armor: Scale mail        |    22 |       |    30 ||    52
       Chain mail        |    20 |    85 |     1 ||   106
Dodge: Dodged            |    30 |    64 |    75 ||   169
Block: Buckler           |    18 |    30 |       ||    48

Table legend: (Time is in decaauts)
 A = Elapsed time spent in this place.
 B = Non-inter-level travel time spent in this place.
 C = Inter-level travel time spent in this place.
 D = Time resting spent in this place.
 E = Time spent auto-exploring this place.
 F = Levels seen in this place.
 G = Mean time per level.
                   A        B        C        D        E       F      G
               +--------+--------+--------+--------+--------+-----+--------+
         Total |   5174 |   5078 |     96 |   1183 |   3131 |   5 | 1034.8 |
       Dungeon |   5174 |   5078 |     96 |   1183 |   3131 |   5 | 1034.8 |
               +--------+--------+--------+--------+--------+-----+--------+

Top non-repeatable levels by time:
     D:4: 1984 daAuts
     D:1: 1206 daAuts
     D:2: 1033 daAuts
     D:3: 940 daAuts
     D:5: 11 daAuts
